cohdb
Replays
Latest Replays
All Replays
Popular Replays
Top Player Replays
Match Explorer
How It Works
Community
CoH3 Stats
Reddit
Sign in to upload your games and track your stats! →
Sign in with Steam
Match 45561990
Unlisted
Match 45561990
Overview
Messages
Build Orders
End
Scout Squad
Scout Squad
Selects Advanced Infantry Battlegroup
Construct Weapon Support Center
Bazooka Squad
Bazooka Squad
M1919 Machine Gun Team
Construct Medical Station
Selects Artillery Observers
Air Support Center
Jm200092
Comoko
Isumaya
HawkVenator
Red Baron#2
Core/DeathCore
Voodoo408
조영
0
0
Comments
sign in to comment!
No comments posted yet!